 Dungeon Crawl Stone Soup version 0.31.0-11-ge490571c62 (webtiles) character file.

Game seed: 5072730458499530870

16538 Curundu the Cleaver (level 12, -16/169 HPs)
             Began as a Minotaur Berserker on Feb 3, 2024.
             Was a Priest of Trog.
             Killed from afar by an acid dragon (21 damage)
             ... with a splash of acid
             ... on level 11 of the Dungeon.
             The game lasted 00:44:26 (12359 turns).

Curundu the Cleaver (Minotaur Berserker)           Turns: 12359, Time: 00:44:26

Health: -16/169    AC: 14    Str: 27    XL:     12   Next: 10%
Magic:  11/11      EV:  9    Int:  4    God:    Trog [***...]
Gold:   784        SH: 12    Dex: 10    Spells: 11/11 levels left

rFire   + . .        b - +2 hand axe (holy)
rCold   . . .        B - +3 kite shield
rNeg    . . .        F - +0 plate armour
rPois   +            (helmet restricted)
rElec   .            N - +0 cloak
rCorr   .            (no gloves)
SInv    .            t - +0 pair of boots
Will    ++...        (no amulet)
Stlth   x              - ring of poison resistance
HPRegen 1.48/turn    c - ring of protection from fire
MPRegen 0.12/turn

%: no passive effects
@: berserking (expiring), strong-willed, corroded, regenerating, studying
Fighting, very quick
A: horns 2, retaliatory headbutt
a: Renounce Religion, Berserk, Trog's Hand


You were on level 11 of the Dungeon.
You worshipped Trog.
Trog was most pleased with you.
You visited 2 branches of the dungeon, and saw 12 of its levels.

You collected 784 gold pieces.

Inventory:

Hand Weapons
 b - a +2 hand axe of holy wrath (weapon)
 E - a +0 war axe
Missiles
 y - 16 boomerangs (quivered)
 H - 2 throwing nets
Armour
 t - a +0 pair of boots (worn)
 B - a +3 kite shield (worn)
 F - a +0 plate armour (worn)
 N - a +0 cloak (worn)
Jewellery
 c - a ring of protection from fire (right hand)
 f - a ring of positive energy
 i - a ring of fire
 q - an amulet of the acrobat
 r - an amulet of magic regeneration
 v - a +5 ring of evasion
 x - a ring of poison resistance (left hand)
 L - a ring of willpower
Wands
 n - a wand of roots (3)
 u - a wand of charming (17)
 M - a wand of flame (8)
Scrolls
 a - a scroll of vulnerability {unknown}
 d - 3 scrolls of teleportation
 k - 2 scrolls of enchant weapon
 l - a scroll of fear
 m - a scroll of revelation
Potions
 e - a potion of invisibility {unknown}
 g - 3 potions of might
 h - 2 potions of mutation
 j - a potion of enlightenment {unknown}
 o - 4 potions of curing
 p - a potion of lignification {unknown}
 s - 3 potions of cancellation {unknown}
 z - 2 potions of berserk rage
 A - a potion of haste {unknown}
 D - a potion of degeneration {unknown}
 I - a potion of brilliance {unknown}
 K - 2 potions of attraction {unknown}
Miscellaneous
 J - a phial of floods


   Skills:
 + Level 12.4 Fighting
 + Level 13.8 Axes
 + Level 0.6 Throwing
 + Level 11.5 Armour
 * Level 8.6 Dodging
 - Level 1.7 Stealth
 + Level 7.7 Shields
 * Level 4.0 Evocations


You had 11 spell levels left.
You didn't know any spells.
Your spell library was empty.

Dungeon Overview and Level Annotations

Branches:
Dungeon (11/15)            Temple (1/1) D:5            Lair (0/5) D:11
    Orc: D:9-12

Altars:
Ashenzari
Cheibriados
Dithmenos
Elyvilon
Fedhas
Gozag
Hepliaklqana
Kikubaaqudgha
Makhleb
Nemelex Xobeh
Okawaru
Qazlal
Ru
Sif Muna
Trog
Uskayaw
Vehumet
Wu Jian
Xom
Yredelemnul

Shops:
D:6 *   D:8 (   D:9 [   D:11 (

Annotations:
D:11 4 runed translucent doors


Innate Abilities, Weirdness & Mutations

You have a pair of horns on your head.
You reflexively headbutt those who attack you in melee.


Message History

You kill the white ugly thing!
Trog accepts your kill. The acid dragon spits acid at you.
The splash of acid hits you!
* * * LOW HITPOINT WARNING * * *
The acid corrodes you!
You block the skeletal warrior's attack.
The skeletal warrior misses you.
You see here an ugly thing corpse.
You feel a strong urge to attack something.
You block the skeletal warrior's attack.
You slash the acid dragon!
The acid dragon is heavily wounded.
You hit the acid dragon.
The acid dragon is heavily wounded.
You slash the acid dragon!
The acid dragon is severely wounded.
The skeletal warrior hits you but does no damage.
You slash the skeletal warrior!
The skeletal warrior convulses!
The skeletal warrior is heavily damaged.
You slash the skeletal warrior!
The skeletal warrior convulses!
The skeletal warrior is almost destroyed.
The skeletal warrior hits you from afar with a +0 glaive!
* * * LOW HITPOINT WARNING * * *
You closely miss the skeletal warrior.
The skeletal warrior is almost destroyed.
You closely miss the skeletal warrior.
Your headbutt misses the skeletal warrior.
The skeletal warrior is almost destroyed.
You block the skeletal warrior's attack.
The skeletal warrior hits you but does no damage.
You slash the skeletal warrior!
You feel the power of Trog in you as your rage grows.
You destroy the skeletal warrior!
Trog accepts your kill.
Your Evocations skill increases to level 4!
The skeletal warrior hits you but does no damage.
The acid dragon spits acid at you. The splash of acid hits you!!
You die...

z..##8)/8##..........
#.z#8....8#..........
#..+......+..........
###..+......+..........
#....#8....8#..........
#....##8Qp8##.....###'#
#...zz######..#####....
#zD.......#........
##@#......#.......#
#.+...#.(#.......#
#.#...#.###...####
#.#...#.##.....###
#.#####.#..P....#+
#.......#....PP.##
#................#
#................#
#...........>.....


You could see 3 skeletal warriors, a tengu warrior, an occultist and an acid
dragon (catching breath).

Vanquished Creatures
  2 death yaks
  2 two-headed ogres
  Nergalle (D:10)
  A skeletal warrior (D:11)
  An ugly thing (D:11)
  2 manticores
  Joseph (D:10)
  Jeremiah (D:7)
  A gargoyle (D:7)
  2 trolls (D:11)
  3 polar bears (D:9)
  2 hornets
  3 dream sheep (D:9)
  Sigmund (D:4)
  2 wyverns
  12 yaks
  Eustachio (D:4)
  A steam dragon (D:10)
  2 hogs (D:9)
  4 acid dragons
  A water moccasin (D:4)
  6 black bears
  2 ice beasts
  10 orc warriors
  2 sky beasts
  An ogre (D:10)
  2 wolves (D:9)
  5 centaurs (D:11)
  2 phantoms (D:7)
  3 bullfrogs
  3 scorpions
  A gnoll sergeant (D:10)
  19 wights
  15 killer bees
  A bombardier beetle (D:6)
  4 hounds
  4 jellies
  3 orc priests
  6 iguanas
  13 orc wizards
  14 gnolls
  14 adders
  A white imp (D:7)
  2 ufetubi (D:5)
  3 ribbon worms
  45 orcs
  4 endoplasms
  4 giant cockroaches
  A hobgoblin (D:1)
  4 jackals (D:4)
  A quokka (D:2)
  6 ball pythons
  10 bats
  3 frilled lizards (D:1)
  6 goblins
  4 kobolds
  5 rats
275 creatures vanquished.

Notes
Turn   | Place    | Note
-------+----------+-------------------------------------------
     0 | D:1      | Curundu the Minotaur Berserker began the quest for the Orb.
     0 | D:1      | Reached XP level 1. HP: 19/19 MP: 0/0
   285 | D:1      | Reached skill level 4 in Axes
   315 | D:1      | Reached XP level 2. HP: 27/27 MP: 1/1
  1035 | D:2      | Reached XP level 3. HP: 18/33 MP: 2/2
  1087 | D:2      | Reached ** piety under Trog
  1287 | D:2      | Identified the +2 pair of boots of Sizuwuz {Dex+5}
  1575 | D:2      | Found a faded altar of an unknown god.
  1813 | D:3      | Reached skill level 5 in Axes
  1813 | D:3      | Reached XP level 4. HP: 17/41 MP: 3/3
  1968 | D:3      | HP: 2/61 [gnoll/+0 halberd (4)]
  2228 | D:3      | Found a faded altar of an unknown god.
  2267 | D:3      | Found a broken altar of Ashenzari.
  2659 | D:4      | Reached XP level 5. HP: 47/47 MP: 4/4
  2702 | D:4      | Found a sacrificial altar of Ru.
  3043 | D:4      | Noticed Sigmund
  3049 | D:4      | Killed Sigmund
  3050 | D:4      | Reached skill level 6 in Axes
  3050 | D:4      | Reached XP level 6. HP: 55/55 MP: 5/5
  3085 | D:4      | Noticed an orc warrior
  3086 | D:4      | Noticed a water moccasin
  3094 | D:4      | Killed a water moccasin
  3095 | D:4      | Reached skill level 5 in Fighting
  3098 | D:4      | Reached XP level 7. HP: 39/61 MP: 6/6
  3099 | D:4      | Reached skill level 5 in Armour
  3099 | D:4      | Reached skill level 1 in Stealth
  3458 | D:4      | Identified the +2 dagger "Ydin" {freeze, rN+ Dex+3 Stlth+}
  3507 | D:4      | Reached skill level 7 in Axes
  3507 | D:4      | Noticed Eustachio
  3521 | D:4      | Killed Eustachio
  3882 | D:5      | Entered Level 5 of the Dungeon
  4112 | D:5      | Reached XP level 8. HP: 69/69 MP: 7/7
  4422 | D:5      | Reached skill level 8 in Axes
  4434 | D:5      | Found a staircase to the Ecumenical Temple.
  4470 | Temple   | Entered the Ecumenical Temple
  4836 | D:6      | Identified 2 scrolls of acquirement
  4836 | D:6      | Acquired a manual of Fighting
  5043 | D:6      | Found a blossoming altar of Fedhas.
  5050 | D:6      | Reached *** piety under Trog
  5357 | D:6      | Reached skill level 9 in Axes
  5390 | D:6      | Found Gozag's Platinum Reserve.
  5478 | D:6      | Found an opulent altar of Gozag.
  5784 | D:7      | Reached skill level 1 in Shields
  5879 | D:7      | Reached XP level 9. HP: 76/79 MP: 8/8
  5976 | D:7      | You fall into a shaft and drop 3 floors!
  5976 | D:10     | Entered Level 10 of the Dungeon
  5983 | D:10     | Noticed Nergalle
  5994 | D:10     | Killed Nergalle
  5995 | D:10     | Reached skill level 10 in Axes
  6107 | D:7      | Noticed a gargoyle
  6147 | D:7      | Killed a gargoyle
  6281 | D:7      | Reached skill level 11 in Axes
  6412 | D:7      | Found a transporter.
  6413 | D:7      | Noticed a two-headed ogre
  6417 | D:7      | Found a transporter.
  6426 | D:7      | Found a basalt altar of Yredelemnul.
  6454 | D:7      | Reached skill level 5 in Dodging
  6455 | D:7      | Killed a two-headed ogre
  6456 | D:7      | Reached XP level 10. HP: 90/90 MP: 9/9
  6532 | D:7      | Identified the +3 ring mail of Soft Rains {Int+3}
  6560 | D:7      | Noticed Jeremiah
  6598 | D:7      | Killed Jeremiah
  7259 | D:8      | Reached skill level 12 in Axes
  7968 | D:8      | Found Zomihum's Hydra Hut.
  7972 | D:8      | Noticed a seven-headed hydra
  8209 | D:9      | Found a shadowy altar of Dithmenos.
  8277 | D:9      | Reached skill level 5 in Shields
  8317 | D:9      | Reached skill level 10 in Fighting
  8321 | D:9      | Reached skill level 10 in Armour
  8331 | D:9      | Found Vistraaso's Antique Armour Shop.
  8707 | D:9      | Found a runed translucent gate.
  8707 | D:9      | Found a runed translucent gate.
  8707 | D:9      | Found a runed translucent gate.
  8707 | D:9      | Noticed a manticore
  8707 | D:9      | Noticed a death yak
  9410 | D:9      | Acquired a manual of Fighting
  9471 | D:9      | Killed a manticore
  9472 | D:9      | Reached skill level 1 in Evocations
  9472 | D:9      | Reached XP level 11. HP: 79/101 MP: 10/10
  9511 | D:9      | HP: 5/101 [polar bear (4)]
  9527 | D:9      | Killed a death yak
  9528 | D:9      | Reached skill level 13 in Axes
  9528 | D:9      | HP: 5/102 [yak (10)]
  9564 | D:9      | Identified the +1 short sword of the Median {venom, rF-
                  | rC+++ rCorr Str+6}
  9868 | D:10     | Found a snail-covered altar of Cheibriados.
  9991 | D:10     | Reached **** piety under Trog
 10136 | D:10     | Found a radiant altar of Vehumet.
 10542 | D:10     | Noticed Joseph
 10561 | D:10     | Killed Joseph
 10866 | D:10     | Noticed a two-headed ogre
 10884 | D:10     | Killed a two-headed ogre
 11295 | D:11     | Found a staircase to the Lair.
 11295 | D:11     | Noticed a death yak
 11331 | D:11     | Killed a death yak
 12186 | D:11     | Found Tilulu's Antique Weapon Emporium.
 12224 | D:11     | Reached XP level 12. HP: 106/112 MP: 11/11
 12322 | D:11     | Found a large runed translucent door.
 12322 | D:11     | Found a large runed translucent door.
 12325 | D:11     | Noticed a tengu warrior
 12331 | D:11     | Found a large runed translucent door.
 12331 | D:11     | Found a large runed translucent door.
 12349 | D:11     | HP: 8/169 [acid dragon/splash of acid (13)]
 12355 | D:11     | HP: 3/169 [skeletal warrior/+0 glaive (10)]
 12359 | D:11     | Killed from afar by an acid dragon

Illustrated notes

Levels and vault maps discovered:
D:1:      lemuel_arrival_behind_the_door_large, layout_basic,
          serial_corexii_hall, corexii_hall_statues_s, corexii_hall_statues_i
D:2:      layout_loops_ring, shapermc_ecumenical_altar_acropolis
D:3:      layout_basic, nicolae_overflow_ecumenical_swirl, grunt_decor_clamped
D:4:      layout_gridville, overflow_temple_1_default, minmay_manual_maat,
          uniq_eustachio, uniq_sigmund
D:5:      layout_basic, temple_fountains, ebering_dispersal_statue_hall,
          minivault_23
D:6:      layout_loops_cross, fedhas_altar_fruit_tree,
          nicolae_overflow_hidden_temple, nicolae_gozag_zags_fifth_avenue
D:7:      minmay_chambers_of_sixes, layout_loops_corners,
          gammafunk_temple_overflow_arena, uniq_jeremiah
D:8:      layout_gridville, doesnt_shop_hydraphobe
D:9:      lemuel_bear_cage, layout_gridville, nicolae_dithmenos_the_darkroom,
          serial_shops, nicolae_square_shop, minmay_misc_feat_rows
D:10:     layout_roguey, slow_altar_2, nicolae_vehumet_radiance, special_room
          [special_room_orc], uniq_nergalle, uniq_joseph
D:11:     layout_irregular_city, david_lair_generic, serial_shops, shop,
          minmay_hollow_rounded_squares
Temple:   hc_temple_tempest_star

Skill      XL: |  1  2  3  4  5  6  7  8  9 10 11 12 |
---------------+-------------------------------------+-----
Axes           | 4 5 6 7 9 11 12 13 | 13.8
Fighting       | 4 5 7 8 10 12 | 12.4
Armour         | 3 4 6 8 9 10 11 | 11.5
Dodging        | 3 4 5 7 8 |  8.6
Stealth        | 1 |  1.7
Shields        | 1 4 5 7 |  7.7
Evocations     | 1 3 4 |  4.0
Throwing       | |  0.6

Action                     |  1- 3 |  4- 6 |  7- 9 | 10-12 || total
---------------------------+-------+-------+-------+-------++-------
  Melee: Hand axe          |    78 |    48 |   230 |   587 ||   943
         Headbutt          |     5 |     8 |    45 |   142 ||   200
         Punch             |       |     1 |     1 |       ||     2
  Throw: Boomerang         |       |       |       |     6 ||     6
 Invoke: Berserk           |       |     2 |     3 |     5 ||    10
         Trog's Hand       |       |     1 |     6 |    12 ||    19
    Use: Scroll            |       |     3 |     2 |    13 ||    18
         Potion            |       |       |       |     6 ||     6
   Stab: Sleeping          |     1 |       |       |       ||     1
 Armour: Animal skin       |    53 |       |       |       ||    53
         Chain mail        |     6 |    47 |   152 |       ||   205
         Plate armour      |       |       |    12 |   459 ||   471
  Dodge: Dodged            |    60 |    31 |   113 |   162 ||   366
  Block: Kite shield       |       |       |    48 |   330 ||   378
